 Dungeon Crawl Stone Soup version 0.29.1-2-gbd0b4ee654 (webtiles) character file.

Game seed: 1212634613965795436

85 Ivernyr the Trooper (level 4, -3/24 HPs)
             Began as a Vine Stalker Fighter on Oct 29, 2022.
             Killed by divine providence
             ... invoked by an orc priest
              (12 damage)
             ... on level 3 of the Dungeon.
             The game lasted 00:03:32 (2026 turns).

Ivernyr the Trooper (Vine Stalker Fighter)          Turns: 2026, Time: 00:03:33

Health: -3/24      AC:  6    Str: 25    XL:     4   Next: 48%
Magic:  0/5        EV: 10    Int:  8    God:
Gold:   83         SH:  5    Dex: 15    Spells: 3/3 levels left

rFire   . . .      SeeInvis +   a - +1 war axe "Luz Lito" {flame, SInv}
rCold   . . .      Faith    .   c - +0 buckler
rNeg    . . .      Spirit   +   b - +0 scale mail
rPois   .          Reflect  .   (no helmet)
rElec   .          Harm     .   (no cloak)
rCorr   .          Rampage  .   (no gloves)
Will    .....                   (no boots)
Stlth   ..........              (no amulet)
HPRegen 0.88/turn               e - +6 ring of strength
MPRegen 0.09/turn               (no ring)

@: no status effects
A: fangs 2, regeneration 1, magic shield, antimagic bite, no potion heal 2
a: no special abilities


You were on level 3 of the Dungeon.
You visited 1 branch of the dungeon, and saw 3 of its levels.

You collected 83 gold pieces.

Inventory:

Hand Weapons
 a - the +1 war axe "Luz Lito" (weapon) {flame, SInv}
   (You found it on level 2 of the Dungeon)

   It burns those it strikes, dealing additional fire damage.
   Big, fiery blades are also staple armaments of hydra-hunters.
   SInv:      It lets you see invisible.
Armour
 b - a +0 scale mail (worn)
 c - a +0 buckler (worn)
Jewellery
 e - a +6 ring of strength (left hand)
Scrolls
 f - a scroll of magic mapping {unknown}
 h - a scroll of enchant armour {unknown}
 l - a scroll of identify {unknown}
 m - a scroll of poison {unknown}
 n - 2 scrolls of immolation {unknown}
Potions
 d - 2 potions of might
 g - a potion of curing {unknown}
 i - a potion of resistance {unknown}
 j - a potion of haste {unknown}
 k - 2 potions of lignification {unknown}


   Skills:
 + Level 3.1 Fighting
 + Level 2.4 Long Blades
 + Level 2.9 Armour
 + Level 1.1 Dodging
 + Level 3.1 Shields


You had 3 spell levels left.
You didn't know any spells.
Your spell library was empty.

Dungeon Overview and Level Annotations

Branches:
Dungeon (3/15)

Altars:
Nemelex Xobeh

Shops:
D:3 (

Annotations:
D:3 1 transporter


Innate Abilities, Weirdness & Mutations

You have extremely sharp teeth.
Your natural rate of healing is unusually fast.
When hurt, damage is shared between your health and your magic reserves.
Your bite disrupts and absorbs the magic of your enemies.
Potions cannot restore your health.


Message History

You kill the ball python!
You see here a ball python corpse.
You open the door.
Nemelex Xobeh says, "Care for a little wager, mortal?" "Beware!
This is a limited time offer!"
The orc shouts!
Found 24 gold pieces and a condenser vane.
Found a sparkling altar of Nemelex Xobeh.
Found a transporter.
Found a smoky white potion.
The orc shouts!
There is an open door here.
There is an open door here.
You now have 83 gold pieces (gained 12).
Found Plog's Antique Weapon Shop.
There is an entrance to Plog's Antique Weapon Shop here.
A kobold comes into view. It is wielding a +0 dagger.
The kobold shouts!
You hear a shout!
An orc comes into view. It is wielding a +0 flail.
An orc comes into view. It is wielding a +0 war axe.
The kobold hits you but does no damage.
You hit the kobold. You burn the kobold.
You kill the kobold!
A kobold comes into view. It is wielding a +0 short sword.
An orc priest comes into view. It is wielding a +0 dagger.
Found a stone staircase leading down.
The orc priest shouts!
An orc comes into view. It is wielding a +0 club.
You completely miss the orc.
The orc shouts!
You hit the orc. You burn the orc. You block the orc's attack.
The orc barely misses you. The orc hits you with a +0 war axe!
The orc misses you. The orc attacks as you move away!
The orc hits you with a +0 war axe. The orc attacks as you move away!
The orc hits you but does no damage. The orc attacks as you move away!
The orc hits you with a +0 war axe!
The orc priest invokes the aid of Beogh against you.
Beogh smites you!
Ouch! That really hurt!
You die...

#### . ..#
>..#####.#
.....oK.)### ...
.......o.@.####..
.....o.o.#.##...#
...#####.#.##.#.#
. ..#∩##.#.##
####.##....##
#.##.#.#.#
#......#.##
####......#
####....#.#######


You could see an orc priest, 3 orcs and a kobold.

Vanquished Creatures
  2 adders (D:2)
  A gnoll (D:1)
  7 ball pythons
  3 bats (D:1)
  4 endoplasms
  6 giant cockroaches
  6 goblins
  10 hobgoblins
  2 jackals (D:1)
  3 kobolds
  7 rats
51 creatures vanquished.

Notes
Turn   | Place    | Note
-------+----------+-------------------------------------------
     0 | D:1      | Ivernyr the Vine Stalker Fighter began the quest for the
                  | Orb.
     0 | D:1      | Reached XP level 1. HP: 11/11 MP: 2/2
    93 | D:1      | Reached XP level 2. HP: 10/16 MP: 3/3
   657 | D:1      | Reached XP level 3. HP: 7/19 MP: 1/4
  1164 | D:1      | Reached skill level 1 in Dodging
  1380 | D:2      | Gained mutation: Your natural rate of healing is unusually
                  | fast. [Vine Stalker growth]
  1380 | D:2      | Reached XP level 4. HP: 22/24 MP: 5/5
  1432 | D:2      | Identified the +1 war axe "Luz Lito" {flame, SInv}
  1852 | D:2      | Found a faded altar of an unknown god.
  1982 | D:3      | Found a sparkling altar of Nemelex Xobeh.
  1982 | D:3      | Found a transporter.
  2013 | D:3      | Found Plog's Antique Weapon Shop.
  2026 | D:3      | Killed from afar by an orc priest

Illustrated notes

Levels and vault maps discovered:
D:1:      dpeg_arrival_subterranean_lakeside_camping, layout_basic
D:2:      layout_basic, dreamdust_ecumenical_altar_grove, serial_bayou_pond_d
D:3:      layout_loops_cross, grunt_nemelex_the_gamble,
          nicolae_ru_path_of_blood, tgw_fedhas, serial_shops, shop,
          minmay_misc_feat_ornament

Skill      XL: |  1  2  3 |
---------------+----------+-----
Long Blades    | 2 |  2.4
Shields        | 3 |  3.1
Fighting       | 3 |  3.1
Dodging        | 1 |  1.1
Armour         | |  2.9

Action                   |  1- 3 |  4- 6 || total
-------------------------+-------+-------++-------
Melee: Long sword        |    67 |    12 ||    79
       Bite              |    18 |     8 ||    26
       War axe           |       |    19 ||    19
Armor: Scale mail        |    28 |     8 ||    36
Dodge: Dodged            |    36 |    18 ||    54
Block: Buckler           |    14 |     4 ||    18
